 Dungeon Crawl Stone Soup version 0.30-a0-996-ga6910c8ee8 (webtiles) character file.

Game seed: 103064371654177889

16076 Arcadio the Nimble (level 12, -2/94 HPs)
             Began as a Djinni Ice Elementalist on Apr 4, 2023.
             Was a High Priest of Elyvilon.
             Killed from afar by a catoblepas (5 damage)
             ... with a blast of calcifying dust
             ... while petrified by a catoblepas
             ... on level 2 of the Lair of Beasts.
             The game lasted 01:06:25 (12138 turns).

Arcadio the Nimble (Djinni Ice Elementalist)       Turns: 12138, Time: 01:06:25

Health: -2/94      AC:  5    Str:  7    XL:     12   Next: 65%
Gold:   721        EV:  2    Int: 23    God:    Elyvilon [*****.] SH:  0 Dex: 13

rFire   + + .      SeeInvis .    B - +7 staff of the Meek {protect, meekguard}
rCold   . . .      Faith    .    (shield currently unavailable)
rNeg    + + +      Spirit   .    l - +0 leather armour
rPois   ∞          Reflect  .    m - +0 helmet
rElec   .          Rampage  .    C - +0 cloak
rCorr   .                        (no gloves)
Will    ++...                    (boots unavailable)
Stlth   ++                       o - amulet of regeneration
HPRegen 1.15/turn                b - ring of protection from cold
MPRegen 0.00/turn                N - ring of willpower

@: petrified, flying
A: sickness immunity, fire resistance 2, cold vulnerability 1, float, innate
caster, HP casting, extra vitality 1
a: Renounce Religion, Purification, Heal Other, Heal Self, Divine Vigour


You were on level 2 of the Lair of Beasts.
You worshipped Elyvilon.
Elyvilon was extremely pleased with you.
You visited 3 branches of the dungeon, and saw 14 of its levels.
You also visited: Sewer.

You collected 721 gold pieces.

Inventory:

Hand Weapons
 B - the +7 staff of the Meek (weapon) {protect, meekguard}
   (You found it on level 5 of the Dungeon)
 D - a +4 flail
 G - a +5 long sword
 J - a +2 war axe of electrocution
Missiles
 z - 6 throwing nets
Armour
 a - a +0 robe
 l - a +0 leather armour (worn)
 m - a +0 helmet (worn)
 C - a +0 cloak (worn)
 K - a +0 scale mail
Magical Staves
 L - a staff of poison
Jewellery
 b - a ring of protection from cold (left hand)
 h - a ring of protection from fire
 o - an amulet of regeneration (around neck)
 F - a ring of protection from fire
 N - a ring of willpower (right hand)
Wands
 e - a wand of flame (4)
 i - a wand of polymorph (6)
 j - a wand of charming (10)
 k - a wand of digging (14)
 M - a wand of light (4)
Scrolls
 g - a scroll of fog
 q - a scroll of fear
 t - 3 scrolls of enchant armour
 u - 2 scrolls of enchant weapon
 A - 2 scrolls of blinking
Potions
 c - 2 potions of haste
 d - 3 potions of heal wounds
 f - 2 potions of flight
 n - 9 potions of curing
 p - 2 potions of attraction
 s - a potion of invisibility {unknown}
 x - 3 potions of brilliance
 E - 2 potions of ambrosia {unknown}
 H - a potion of might


   Skills:
 + Level 11.3 Fighting
 + Level 12.6 Dodging
 - Level 1.9 Stealth
 + Level 9.5 Spellcasting
 + Level 1.6 Invocations


You knew the following spells:

 Your Spells              Type           Power      Damage    Failure   Level
a - Freeze                Ice            100%       1d10      1%          1
b - Frozen Ramparts       Ice            100%       1d16      1%          3
c - Ozocubu's Armour      Ice            53%        N/A       1%          3
d - Summon Ice Beast      Ice/Summ       53%        N/A       1%          4
e - Magic Dart            Conj           100%       1d8       1%          1
f - Ensorcelled Hibernat  Hex/Ice        100%       N/A       1%          2
g - Teleport Other        Tloc           53%        N/A       1%          3
h - Dispel Undead         Necr           53%        3d19      1%          4
i - Ice Form              Ice/Tmut       53%        N/A       1%          4
Your spell library was empty.

Dungeon Overview and Level Annotations

Branches:
Dungeon (10/15) Zot: 26706  Temple (1/1) D:5 Zot: 5570    Lair (3/5) D:9 Zot: 15835
 Shoals (0/4) Lair:2        Snake (0/4) Lair:2        Sewer (visited)
    Orc: D:9-12

Altars:
Ashenzari
Cheibriados
Elyvilon
Fedhas
Gozag
Hepliaklqana
Makhleb
Nemelex Xobeh
Okawaru
Qazlal
Ru
Trog
Uskayaw
Wu Jian
Xom
Yredelemnul
Zin
The Shining One

Shops:
D:1 (!!=!

Portals:
Ice
Cave: Lair:3

Annotations:
D:4 Menkaure
D:6 2 transporters, PostNTower's ghost, novice DsNe
D:9 3 runed translucent doors, Sermion's ghost, novice DsBe; UltrafastDeath's ghost, journeyman HOFi


Innate Abilities, Weirdness & Mutations

You are immune to sickness and miasma.
You are immune to poison.
Your flesh is very heat resistant. (rF++)
You are vulnerable to cold. (rC-)
You float through the air rather than walking.
You learn spells naturally, not from books.
Your magical power is your life essence.
You have superior vitality. (+4 MHP)


Message History

The catoblepas breathes a plume of calcifying dust at you.
The blast of calcifying dust hits you.
Unknown command.
Unknown command.
Casting: Freeze (safe; 1% risk of failure)
Confirm with . or Enter, or press ? or * to list all spells.
Casting: Frozen Ramparts (safe; 1% risk of failure)
Press: ? - help, Dir - look around, f - activate
There is a cloud of calcifying dust here.
The walls around you are covered in ice.
You are engulfed in calcifying dust.
You are slowing down.
The wall freezes the cane toad!
The cane toad seems to slow down.
The wall freezes the catoblepas.
The catoblepas gores you but does no damage.
You feel purified!
You are engulfed in calcifying dust.
You are slowing down.
The cane toad stops moving altogether!
The wall freezes the catoblepas but does no damage.
The catoblepas barely misses you.
The wall freezes the cane toad.
Your frozen ramparts will break if you move.
Continue?
The frozen ramparts melt away as you move.
The catoblepas gores you!
You have turned to stone.
The catoblepas gores you!! x2
The catoblepas gores you.
* * * LOW HITPOINT WARNING * * *
The catoblepas gores you!!
* * * LOW HITPOINT WARNING * * *
The catoblepas gores you!!
* * * LOW HITPOINT WARNING * * *
The catoblepas breathes a plume of calcifying dust at you.
The blast of calcifying dust hits you.
* * * LOW HITPOINT WARNING * * *
You are engulfed in calcifying dust.
The catoblepas gores you!! Elyvilon protects you from harm!
You are engulfed in calcifying dust.
The cane toad stings you!
* * * LOW HITPOINT WARNING * * *
The catoblepas breathes a plume of calcifying dust at you.
The blast of calcifying dust hits you!
You die...

##################
.##..##P##.#P..P.##
....###.......§§@Y##
....###.........F#.####
......+...............#
....#............P##..##
....#............###...###
....#..........:.#.......###
....+.#..........#.......#.#
..........................##
..'#####...#####.....>.....#


You could see a catoblepas and a cane toad (slow).

Vanquished Creatures
  Harold (Lair:2)
  2 harpies (Lair:2)
  2 black mambas (Lair:2)
  A torpor snail (Lair:1)
  A cane toad (Lair:2)
  A rime drake (Lair:1)
  5 komodo dragons
  2 hornets (D:9)
  3 polar bears
  2 dream sheep (Lair:1)
  5 blink frogs (Lair:1)
  2 wyverns
  14 yaks
  2 wraiths
  3 basilisks (Lair:1)
  2 steam dragons
  4 nagas (Lair:2)
  9 water moccasins
  6 orc warriors
  2 sky beasts
  4 black bears
  2 centaurs (D:9)
  An ogre (D:5)
  A kobold brigand (D:8)
  A phantom (D:5)
  8 bullfrogs
  2 scorpions
  14 wights
  A killer bee (D:9)
  A nameless horror (D:5)
  A howler monkey (D:5)
  A jelly (D:6)
  Crazy Yiuf (D:6)
  A hound (D:6)
  12 orc priests
  3 gnoll boudas
  Ijyb (D:2)
  3 sleepcaps (D:6)
  An iguana (D:4)
  12 orc wizards
  Robin (D:2)
  10 gnolls
  16 adders
  A shadow imp (D:6)
  An ufetubus (D:5)
  A worm (D:3)
  44 orcs
  7 endoplasms
  A giant cockroach (D:3)
  18 goblins
  10 hobgoblins
  11 jackals
  13 kobolds
  A quokka (D:1)
  10 ball pythons
  7 bats
  5 frilled lizards
  5 rats
302 creatures vanquished.

Vanquished Creatures (collateral kills)
  A catoblepas (Lair:2)
1 creature vanquished.

Vanquished Creatures (others)
  2 killer bees (D:9)
  2 orc wizards
  53 fungi
  57 plants
114 creatures vanquished.

Grand Total: 417 creatures vanquished

Notes
Turn   | Place    | Note
-------+----------+-------------------------------------------
     0 | D:1      | Arcadio the Djinni Ice Elementalist began the quest for the
                  | Orb.
     0 | D:1      | Arcadio set off with the following spells memorised:
                  | Freeze, Frozen Ramparts, Ozocubu's Armour, Summon Ice
                  | Beast.
     0 | D:1      | Reached XP level 1. HP: 15/15 MP: 0/0
    87 | D:1      | Found Qytuyts's Antique Weapon Emporium.
   257 | D:1      | Found Osaproem's Distillery.
   335 | D:1      | Reached XP level 2. HP: 20/21 MP: 0/0
   550 | D:1      | Found Zobban's Distillery.
   723 | D:1      | Found Watsiwki's Distillery.
   888 | D:1      | Reached XP level 3. HP: 23/26 MP: 0/0
   888 | D:1      | Learned a level 1 spell: Magic Dart
  1047 | D:1      | Found Pilom's Jewellery Emporium.
  1172 | D:1      | Reached skill level 1 in Fighting
  1340 | D:2      | Reached skill level 3 in Dodging
  1374 | D:2      | Reached XP level 4. HP: 22/32 MP: 0/0
  1602 | D:2      | Noticed Ijyb
  1618 | D:2      | Killed Ijyb
  1619 | D:2      | Reached XP level 5. HP: 23/38 MP: 0/0
  1619 | D:2      | Learned a level 2 spell: Ensorcelled Hibernation
  1948 | D:2      | Reached skill level 4 in Dodging
  2289 | D:2      | Noticed Robin
  2294 | D:2      | Reached XP level 6. HP: 31/45 MP: 0/0
  2298 | D:2      | Killed Robin
  3574 | D:4      | Noticed a water moccasin
  3761 | D:4      | Found a glowing drain.
  3774 | Sewer    | Entered a sewer
  3863 | Sewer    | Noticed a water moccasin
  3893 | Sewer    | Killed a water moccasin
  3894 | Sewer    | Reached XP level 7. HP: 17/50 MP: 0/0
  3894 | Sewer    | Learned a level 3 spell: Teleport Other
  4364 | D:4      | Noticed Menkaure
  4526 | D:4      | Killed a water moccasin
  4527 | D:4      | Reached skill level 5 in Dodging
  5044 | D:5      | Entered Level 5 of the Dungeon
  5142 | D:5      | Found a staircase to the Ecumenical Temple.
  5150 | Temple   | Entered the Ecumenical Temple
  5542 | Temple   | Became a worshipper of Elyvilon the Healer
  5599 | D:5      | Reached XP level 8. HP: 43/58 MP: 0/0
  5694 | D:5      | Reached skill level 5 in Spellcasting
  5740 | D:5      | Reached skill level 6 in Dodging
  5793 | D:5      | Reached skill level 5 in Fighting
  5963 | D:5      | Found the +7 staff of the Meek {protect, meekguard}
  6144 | D:6      | Reached * piety under Elyvilon
  6247 | D:6      | Found a transporter.
  6253 | D:6      | Noticed PostNTower's ghost (novice DsNe)
  6269 | D:6      | Reached XP level 9. HP: 54/66 MP: 0/0
  6269 | D:6      | Learned a level 4 spell: Dispel Undead
  6305 | D:6      | Reached skill level 7 in Dodging
  6333 | D:6      | Found a runed translucent door.
  6334 | D:6      | Noticed Crazy Yiuf
  6543 | D:6      | Found a transporter.
  6612 | D:6      | Reached ** piety under Elyvilon
  6775 | D:6      | Killed Crazy Yiuf
  6853 | D:7      | Reached skill level 8 in Dodging
  7274 | D:7      | Reached *** piety under Elyvilon
  7531 | D:8      | Reached XP level 10. HP: 52/75 MP: 0/0
  7699 | D:8      | Reached **** piety under Elyvilon
  7846 | D:8      | Reached skill level 9 in Dodging
  8486 | D:8      | Found a burning altar of Makhleb.
  8922 | D:9      | Noticed a two-headed ogre
  8962 | D:9      | Found a staircase to the Lair.
  9375 | D:8      | Reached skill level 10 in Dodging
  9559 | D:9      | Reached XP level 11. HP: 71/82 MP: 0/0
  9559 | D:9      | Learned a level 4 spell: Ice Form
  9663 | D:9      | Found a runed translucent gate.
  9663 | D:9      | Found a runed translucent gate.
  9664 | D:9      | Found a runed translucent gate.
  9669 | D:9      | Noticed Sermion's ghost (novice DsBe)
  9669 | D:9      | Noticed UltrafastDeath's ghost (journeyman HOFi)
  9675 | D:9      | Identified the +1 dagger "Coporowo" {drain, Drain rC+ rN+
                  | Int+3}
  9746 | D:9      | You are sucked into a shaft and drop 1 floor!
  9746 | D:10     | Entered Level 10 of the Dungeon
 10034 | Lair:1   | Entered Level 1 of the Lair of Beasts
 10287 | Lair:1   | Reached ***** piety under Elyvilon
 10361 | Lair:1   | Reached skill level 11 in Dodging
 10622 | Lair:1   | Reached skill level 10 in Fighting
 11014 | Lair:2   | Noticed Harold
 11029 | Lair:2   | Reached XP level 12. HP: 69/92 MP: 0/0
 11034 | Lair:2   | Killed Harold
 11036 | Lair:2   | Reached skill level 12 in Dodging
 11243 | Lair:2   | Found a staircase to the Shoals.
 11316 | Lair:2   | Noticed a catoblepas
 11582 | Lair:2   | Found a staircase to the Snake Pit.
 11758 | Lair:2   | Killed a catoblepas
 11759 | Lair:2   | Reached skill level 1 in Invocations
 12101 | Lair:3   | Noticed a catoblepas
 12108 | Lair:3   | Noticed a five-headed hydra
 12119 | Lair:3   | Found a frozen archway.
 12137 | Lair:2   | Elyvilon protects you from harm!
 12138 | Lair:2   | HP: 3/94 [cane toad (4)]
 12138 | Lair:2   | Killed from afar by a catoblepas

Illustrated notes

Levels and vault maps discovered:
D:1:      dpeg_arrival_lava_temple_mockup, layout_basic, serial_shops, shop,
          shop, nicolae_lakefront_shop, shop_fountains, shop,
          nicolae_figureground_sparkle
D:2:      kennysheep_the_goblin_king, layout_loops_corners,
          minmay_snake_closets, uniq_robin
D:3:      layout_basic, serial_glass, glass_columns_c, glass_columns_b
D:4:      layout_rooms, portal_sewer_entry_c, uniq_menkaure, uniq_ijyb
D:5:      layout_rooms, temple_doors_e, pf_guarded_unrand_meek
D:6:      layout_basic, gammafunk_ghost_gnarly_gnolls, uniq_crazy_yiuf_cottage
D:7:      layout_cave_pools
D:8:      layout_layer_cave, minmay_misc_feat_encased, david_defended_altar_orc
D:9:      layout_roguey, due_lair_maze_entry_diamond, gammafunk_ghost_cemetery,
          minmay_quadrilaterals
D:10:     layout_layer_cave, overflow_temple_1_default,
          kennysheep_generic_room_3, uniq_erolcha, uniq_lodul, uniq_grum
Temple:   mainiacjoe_temple_trianglar_array
Lair:1:   layout_regular_city, bh_autumn_forest_stairs
Lair:2:   layout_roguey, nicolae_shoals_entry_roost,
          minmay_snake_entry_guardpost_small, grunt_megastairs_4, uniq_harold
Lair:3:   layout_big_grid, portal_ice_cave_entry_ice_simulacra,
          grunt_megastairs_1

Skill      XL: |  1  2  3  4  5  6  7  8  9 10 11 12 |
---------------+-------------------------------------+-----
Fighting       | 1 2 3 4 5 7 8 10 11 | 11.3
Dodging        | 3 4 5 6 8 10 11 12 | 12.6
Spellcasting   | 4 5 6 7 8 9 |  9.5
Invocations    | 1 |  1.6
Stealth        | |  1.9

Action                     |  1- 3 |  4- 6 |  7- 9 | 10-12 || total
---------------------------+-------+-------+-------+-------++-------
  Melee: Dagger            |    53 |    18 |    18 |       ||    89
         Quarterstaff      |       |       |    56 |   289 ||   345
         Unarmed           |       |       |       |     4 ||     4
   Cast: Freeze            |    36 |    79 |    92 |    13 ||   220
         Frozen Ramparts   |     1 |     6 |    29 |    45 ||    81
         Ozocubu's Armour  |       |     2 |    12 |    13 ||    27
         Magic Dart        |       |     1 |    47 |   110 ||   158
         Ensorcelled Hiber |       |     2 |       |       ||     2
         Teleport Other    |       |       |     1 |       ||     1
         Summon Ice Beast  |       |       |     3 |     2 ||     5
         Ice Form          |       |       |       |     2 ||     2
 Invoke: Purification      |       |       |     1 |     4 ||     5
         Heal Self         |       |       |       |     7 ||     7
Ability: End Transformatio |       |       |       |     1 ||     1
    Use: Scroll            |       |     4 |     5 |     8 ||    17
         Potion            |       |       |       |     2 ||     2
   Stab: Sleeping          |     1 |     4 |     3 |       ||     8
         Distracted        |       |       |       |     1 ||     1
 Armour: Robe              |    16 |    27 |    30 |    53 ||   126
         Leather armour    |       |       |       |    90 ||    90
         Skin              |       |       |       |     2 ||     2
  Dodge: Dodged            |    53 |    60 |   131 |   343 ||   587

Table legend: (Time is in decaauts)
 A = Elapsed time spent in this place.
 B = Non-inter-level travel time spent in this place.
 C = Inter-level travel time spent in this place.
 D = Time resting spent in this place.
 E = Time spent auto-exploring this place.
 F = Levels seen in this place.
 G = Mean time per level.
                   A        B        C        D        E       F      G
               +--------+--------+--------+--------+--------+-----+--------+
         Total |  12270 |  11857 |    413 |   1130 |   7143 |  15 |  818.0 |
       Dungeon |   9387 |   9039 |    348 |   1130 |   5361 |  10 |  938.7 |
        Temple |    429 |    392 |     37 |      0 |    359 |   1 |  429.0 |
          Lair |   2163 |   2136 |     27 |      0 |   1212 |   3 |  721.0 |
         Sewer |    289 |    289 |      0 |      0 |    211 |   1 |  289.0 |
               +--------+--------+--------+--------+--------+-----+--------+

Top non-repeatable levels by time:
     D:8: 1761 daAuts
     D:3: 1426 daAuts
     D:2: 1425 daAuts
     D:1: 1329 daAuts
  Lair:1: 1053 daAuts
  Lair:2: 975 daAuts
     D:6: 770 daAuts
     D:9: 743 daAuts
     D:5: 618 daAuts
     D:4: 614 daAuts
     D:7: 525 daAuts
  Temple: 429 daAuts
   Sewer: 289 daAuts
    D:10: 172 daAuts
  Lair:3: 134 daAuts
